 Dungeon Crawl Stone Soup version 0.31-a0-210-gccc998df9b (webtiles) character file.

Game seed: 11625626729979426760

102 qw the Shooter (level 4, -1/36 HPs)
             Began as a Minotaur Hexslinger on June 30, 2023.
             Slain by an ufetubus (3 damage)
             ... on level 4 of the Dungeon.
             The game lasted 00:00:55 (2156 turns).

qw the Shooter (Minotaur Hexslinger)                Turns: 2156, Time: 00:00:56

Health: -1/36      AC:  7    Str: 13    XL:     4   Next: 50%
Magic:  4/4        EV: 11    Int: 10    God:
Gold:   69         SH:  5    Dex: 14    Spells: 4/5 levels left

rFire   . . .        Y - +2 sling
rCold   . . .        (no shield)
rNeg    . . .        h - +0 ring mail {rPois}
rPois   +            (helmet restricted)
rElec   .            f - +0 cloak
rCorr   .            (no gloves)
SInv    .            e - +0 pair of boots
Will    .....        c - amulet of reflection
Stlth   +            (no ring)
HPRegen 0.26/turn    (no ring)
MPRegen 0.09/turn

%: reflection
@: no status effects
A: horns 2, retaliatory headbutt
a: no special abilities


You were on level 4 of the Dungeon.
You visited 1 branch of the dungeon, and saw 4 of its levels.

You collected 123 gold pieces.
You spent 54 gold pieces at shops.


Innate Abilities, Weirdness & Mutations

You have a pair of horns on your head.
You reflexively headbutt those who attack you in melee.


   Skills:
 - Level 2.0 Fighting
 + Level 4.9 Ranged Weapons
 - Level 1.0 Armour
 - Level 2.1 Dodging
 - Level 1.0 Spellcasting
 - Level 2.0 Hexes


You had 4 spell levels left.
You knew the following spells:

 Your Spells              Type           Power      Damage    Failure   Level
a - Slow                  Hex            16%        N/A       32%         1

Your spell library contained the following spells:

 Spells                   Type           Power      Damage    Failure   Level
 Inner Flame              Hex/Fire       2%         N/A       82%         3
 Portal Projectile        Hex/Tloc       4%         N/A       82%         3
 Cause Fear               Hex            2%         N/A       97%         4

Inventory:

Hand Weapons
 Y - a +2 sling (weapon)
Armour
 e - a +0 pair of boots (worn)
 f - a +0 cloak (worn)
 h - a +0 ring mail of poison resistance (worn)
Jewellery
 c - an amulet of reflection (around neck)
Scrolls
 a - 2 scrolls of identify
 b - a scroll of enchant armour {unknown}
Potions
 d - a potion of curing
 g - a potion of heal wounds {unknown}
 j - a potion of cancellation {unknown}
 k - a potion of mutation {unknown}
 l - a potion of magic {unknown}

Dungeon Overview and Level Annotations

Branches:
Dungeon (4/15)
 Temple: D:4-7

Altars:
Qazlal

Shops:
D:1 [   D:2 (   D:3 [

Annotations:
D:4 Menkaure, Pikel


Message History

An orc comes into view. It is wielding a +0 trident.
The lemure closely misses you. You furiously retaliate!
You headbutt the lemure. You shoot a sling bullet.
The sling bullet hits the lemure!
The lemure is severely wounded.
An ufetubus comes into view.
You block the lemure's attack.
You shoot a sling bullet.
The sling bullet barely misses the lemure.
The ufetubus shouts!
The sling bullet hits the endoplasm.
The endoplasm is lightly wounded.
You hear a shout!
Menkaure, Prince of Dust comes into view.
The lemure hits you but does no damage. The lemure hits you.
The lemure closely misses you.
You shoot a sling bullet. The sling bullet hits the lemure.
The lemure is almost dead.
The lemure closely misses you. The lemure hits you but does no damage.
You block the lemure's attack.
Menkaure calls on the powers of darkness!
The goblin convulses!
Your body is wracked with pain!
The endoplasm convulses!
The orc convulses!
You shoot a sling bullet. The sling bullet hits the lemure.
You kill the lemure!
That felt strangely unrewarding.
The lemure barely misses you. You furiously retaliate!
You headbutt the lemure, but do no damage.
Pikel, Merchant of Souls comes into view.
He is wielding a +1 whip of flaming.
The lemure hits you but does no damage. The lemure hits you.
You block the goblin's attack. The lemure barely misses you.
You shoot a sling bullet.
The sling bullet completely misses the endoplasm.
Pikel shouts!
The lemure misses you. The goblin barely misses you. The endoplasm freezes you.
You are frozen.
The orc misses you. The lemure hits you!
You shoot a sling bullet. The sling bullet hits the endoplasm.
You kill the endoplasm!
The ufetubus hits you.
You die...

....##.####.# ..####.#
#.# .......# #.#
..#########.#### ###
#.......#
########.##.##.#
.......#.##....####
.......#.#........####..
.......#.....#..@g5.MK..
........)......555......
.......#.#.#.<....o.....
.......#.#....##..####..
.......#.#........# .
########.###......#
#....<###### #####.# ..#


You could see Pikel, 3 lemures, Menkaure, an orc, an ufetubus and a goblin.

Vanquished Creatures
  A lemure (D:4)
  Jessica (D:2)
  2 worms
  3 dart slugs
  7 bats
  A bat skeleton (D:2)
  2 endoplasms
  A giant cockroach (D:2)
  3 hobgoblins
  9 jackals
  10 kobolds
  3 ball pythons
  2 ball python skeletons (D:2)
  3 frilled lizards
  8 goblins
  A quokka zombie (D:2)
  7 rats
64 creatures vanquished.

Notes
Turn   | Place    | Note
-------+----------+-------------------------------------------
     0 | D:1      | qw the Minotaur Hexslinger began the quest for the Orb.
     0 | D:1      | Reached XP level 1. HP: 16/16 MP: 1/1
     0 | D:1      | 0 ||| qw: Version: 0.3-a-26-gee661ec
     0 | D:1      | 0 ||| qw: Game counter: 7205
     0 | D:1      | 0 ||| qw: Melee chars always use a shield: true
     0 | D:1      | 0 ||| qw: God list: Okawaru
     0 | D:1      | 0 ||| qw: Allow faded altars: false
     0 | D:1      | 0 ||| qw: Do Orc after clearing Dungeon:15 true
     0 | D:1      | 0 ||| qw: Do second Lair branch before Depths: true
     0 | D:1      | 0 ||| qw: Lair rune preference: random
     0 | D:1      | 0 ||| qw: Goals: Normal
     0 | D:1      | 0 ||| PLANNING D:1-11
    70 | D:1      | Reached skill level 3 in Ranged Weapons
    80 | D:1      | Reached XP level 2. HP: 23/23 MP: 2/2
   212 | D:1      | HP: 6/24 [hobgoblin (4)]
   467 | D:1      | Found Qeokocw's Armour Shop.
   476 | D:1      | 476 ||| SHOPLISTING +0 ring mail (48 gold, have 10).
   476 | D:1      | 476 ||| SHOPLISTING +2 ring mail of Peatised {Str+2} (302
                  | gold, have 10).
   608 | D:1      | 608 ||| UPGRADING to +0 cloak.
   613 | D:1      | 613 ||| UPGRADING to +0 leather armour.
   623 | D:1      | 623 ||| DROPPING +0 robe.
   624 | D:1      | 624 ||| READING 2 scrolls labelled VAFOUL MOYFY.
   625 | D:1      | 625 ||| READING scroll labelled ZIANIU IPSEDIU.
   626 | D:1      | 626 ||| READING scroll labelled DAINIU CEKLOT.
   627 | D:1      | 627 ||| DROPPING scroll of fear.
   628 | D:1      | 628 ||| DROPPING scroll of poison.
   680 | D:2      | 680 ||| STAIRDANCE
   687 | D:1      | Reached XP level 3. HP: 17/29 MP: 3/3
   949 | D:2      | Reached skill level 4 in Ranged Weapons
   961 | D:2      | Noticed Jessica
   967 | D:2      | Killed Jessica
   968 | D:2      | Reached XP level 4. HP: 36/36 MP: 4/4
  1396 | D:2      | Found Vouc's Weapon Shop.
  1444 | D:2      | 1444 ||| UPGRADING to +0 ring mail.
  1454 | D:2      | 1454 ||| DROPPING +0 leather armour.
  1455 | D:2      | 1455 ||| READING scroll labelled ETARGH GENUNEOPEGO.
  1456 | D:2      | 1456 ||| READING scroll labelled MEYDANO FALU.
  1457 | D:2      | 1457 ||| READING scroll labelled DOINIWN LURI.
  1458 | D:2      | 1458 ||| DRINKING 2 fizzy inky potions.
  1538 | D:3      | Found a stormy altar of Qazlal.
  1539 | D:3      | Noticed a fire elemental
  1542 | D:3      | Noticed an air elemental
  1551 | D:3      | Noticed a water elemental
  1555 | D:3      | Noticed an earth elemental
  1681 | D:3      | Found Nyudifi's Armour Boutique.
  1693 | D:3      | 1693 ||| BUYING +0 pair of boots (54 gold).
  1693 | D:3      | Bought a +0 pair of boots for 54 gold pieces
  1693 | D:3      | 1693 ||| SHOPLISTING +0 troll leather armour (180 gold,
                  | have 18).
  1756 | D:3      | Reached skill level 1 in Armour
  2029 | D:3      | 2029 ||| UPGRADING to +0 pair of boots.
  2034 | D:3      | 2034 ||| UPGRADING to +0 ring mail of poison resistance.
  2044 | D:3      | 2044 ||| DROPPING +0 ring mail.
  2045 | D:3      | 2045 ||| UPGRADING to amulet of reflection.
  2050 | D:3      | 2050 ||| READING scroll labelled COLIRH YRANU.
  2053 | D:3      | 2053 ||| READING scroll labelled TOCRISSOTAM.
  2146 | D:4      | Noticed a lemure
  2146 | D:4      | Noticed a lemure
  2147 | D:4      | Noticed a lemure
  2150 | D:4      | Noticed a lemure
  2152 | D:4      | Noticed Menkaure
  2154 | D:4      | Killed a lemure
  2154 | D:4      | Noticed Pikel
  2155 | D:4      | HP: 2/36 [lemure[Pikel] (8)]
  2156 | D:4      | Slain by an ufetubus

Levels and vault maps discovered:
D:1:      dpeg_arrival_arbitrary_a, layout_rooms, serial_shops,
          nicolae_shop_pleasant_corner_grove, fountainhead,
          minmay_misc_feat_tiny
D:2:      layout_loops_ring, serial_shops, nicolae_shop_behind_doors,
          serial_undead, serial_undead_a, serial_undead_d, serial_undead_b,
          serial_undead_d, chequers_serial_rivers_micro_a, uniq_jessica
D:3:      layout_loops_cross, nicolae_qazlal_style_of_elements, serial_shops,
          shop
D:4:      layout_loops_cross, uniq_menkaure, uniq_pikel

Skill      XL: |  1  2  3  4 |
---------------+-------------+-----
Ranged Weapons | 3 4 |  4.9
Fighting       | 2 |  2.0
Armour         | 1 |  1.0
Dodging        | |  2.1
Spellcasting   | |  1.0
Hexes          | |  2.0

Action                     |  1- 3 |  4- 6 || total
---------------------------+-------+-------++-------
   Fire: Sling             |   108 |    82 ||   190
    Use: Scroll            |     3 |     5 ||     8
         Potion            |       |     1 ||     1
 Armour: Robe              |    11 |       ||    11
         Leather armour    |     2 |     4 ||     6
         Ring mail         |       |     6 ||     6
  Dodge: Dodged            |    37 |    21 ||    58
  Block: Other             |       |     3 ||     3

Table legend:
 A = Non-vault XP
 B = Vault XP
 C = Vault XP percentage of total XP
 D = Non-vault monster count
 E = Vault monster count
 F = Vault count percentage of total count
                 A         B        C        D         E       F
            +---------+---------+-------+---------+---------+-------
      Total |     106 |      42 |  28.4 |      58 |       5 |   7.9
            +---------+---------+-------+---------+---------+-------
        D:1 |      43 |       0 |   0.0 |      23 |       0 |   0.0
        D:2 |      39 |      42 |  51.9 |      18 |       5 |  21.7
        D:3 |      20 |       0 |   0.0 |      14 |       0 |   0.0
        D:4 |       4 |       0 |   0.0 |       3 |       0 |   0.0
            +---------+---------+-------+---------+---------+-------
